 Dungeon Crawl Stone Soup version 0.30.0-29-ga12c61a403 (webtiles) character file.

Game seed: 5266692642933082504

10677 cdecastro the Grappler (level 11, -4/120 HPs)
             Began as a Troll Fighter on June 22, 2023.
             Was a Priest of Makhleb.
             Slain by a six-headed hydra (12 damage)
             ... on level 11 of the Dungeon.
             The game lasted 00:14:48 (7607 turns).

cdecastro the Grappler (Troll Fighter)              Turns: 7607, Time: 00:14:50

Health: -4/120     AC:  6    Str: 26    XL:     11   Next: 39%
Magic:  10/10      EV:  9    Int:  6    God:    Makhleb [***...]
Gold:   344        SH:  8    Dex: 13    Spells: 10/10 levels left

rFire   . .          .
                       - Unarmed
rCold   . . .        b - +0 kite shield
rNeg    . . .        v - +0 troll leather armour {Pargi}
rPois   .            (helmet restricted)
rElec   .            (no cloak)
rCorr   .            (gloves unavailable)
SInv    +            (boots unavailable)
Will    .....        T - amulet of regeneration
Stlth   +            o - +4 ring of slaying
HPRegen 2.80/turn    H - ring "Oteigg" {AC+4 Int+2 SInv}
MPRegen 0.12/turn

%: no passive effects
@: marked, corroded, hasted and slowed
A: large, unfitting armour, claws 3, regeneration 1, shaggy fur 1, tough skin 1
a: Renounce Religion, Minor Destruction, Lesser Servant of Makhleb


You were on level 11 of the Dungeon.
You worshipped Makhleb.
Makhleb was most pleased with you.
You visited 2 branches of the dungeon, and saw 12 of its levels.
You also visited: Sewer.

You collected 597 gold pieces.
You spent 253 gold pieces at shops.

Inventory:

Missiles
 z - 7 curare-tipped darts (quivered)
 A - 11 datura-tipped darts
 D - 39 poisoned darts
 F - 3 throwing nets
Armour
 b - a +0 kite shield (worn)
 v - a +0 troll leather armour (worn) {Pargi}
 y - a +0 cloak
Jewellery
 o - a +4 ring of slaying (left claw)
 H - the ring "Oteigg" (right claw) {AC+4 Int+2 SInv}
   (You took it off a hobgoblin on level 4 of the Dungeon)

   [ring of protection]

   AC:        It affects your AC (+4).
   Int:       It affects your intelligence (+2).
   SInv:      It lets you see invisible.
 J - a ring of poison resistance
 K - a ring of fire
 P - an amulet of faith
 T - an amulet of regeneration (around neck)
 U - a ring of ice
Wands
 w - a wand of flame (28)
 G - a wand of acid (13)
 O - a wand of charming (7)
Scrolls
 a - 4 scrolls of brand weapon {unknown}
 f - 3 scrolls of summoning {unknown}
 g - a scroll of acquirement {unknown}
 j - 5 scrolls of poison
 k - 2 scrolls of amnesia {unknown}
 l - 17 scrolls of identify {unknown}
 m - 2 scrolls of vulnerability {unknown}
 p - 8 scrolls of teleportation {unknown}
 s - 4 scrolls of enchant armour {unknown}
 t - 3 scrolls of fog {unknown}
 u - a scroll of blinking {unknown}
 x - a scroll of fear {unknown}
 I - a scroll of immolation {unknown}
 N - 3 scrolls of magic mapping {unknown}
 Q - a scroll of noise {unknown}
 R - a scroll of enchant weapon {unknown}
 S - a scroll of torment {unknown}
Potions
 c - 4 potions of might
 d - 3 potions of haste
 e - 3 potions of heal wounds {unknown}
 h - 2 potions of mutation {unknown}
 i - 5 potions of berserk rage
 n - 2 potions of magic {unknown}
 q - a potion of ambrosia {unknown}
 r - a potion of brilliance {unknown}
 B - 2 potions of degeneration {unknown}
 C - 2 potions of cancellation {unknown}
 E - 2 potions of resistance {unknown}
 L - 7 potions of flight {unknown}
 M - 2 potions of curing


   Skills:
 + Level 11.1 Fighting
 - Level 2.4 Dodging
 - Level 2.6 Shields
 + Level 12.9 Unarmed Combat


You had 10 spell levels left.
You didn't know any spells.
Your spell library contained the following spells:

 Spells                   Type           Power      Damage    Failure   Level
 Beastly Appendage        Tmut           0%         N/A       77%         1
 Sandblast                Erth           0%         2d4       77%         1
 Passwall                 Tmut/Erth      0%         N/A       88%         2
 Wereblood                Tmut           0%         N/A       88%         2
 Inner Flame              Hex/Fire       0%         N/A       98%         3
 Spider Form              Tmut/Pois      0%         N/A       98%         3
 Stone Arrow              Conj/Erth      0%         3d7       98%         3
 Yara's Violent Unravell  Hex/Tmut       0%         3d3       100%        5
 Enfeeble                 Hex            0%         N/A       100%        7


Dungeon Overview and Level Annotations

Branches:
Dungeon (11/15)            Temple (1/1) D:6            Lair (0/5) D:9
  Sewer (visited)
    Orc: D:9-12

Altars:
Ashenzari
Cheibriados
Dithmenos
Elyvilon
Fedhas
Gozag
Hepliaklqana
Kikubaaqudgha
Makhleb
Nemelex Xobeh
Okawaru
Qazlal
Ru
Sif Muna
Trog
Uskayaw
Vehumet
Wu Jian
Xom
Yredelemnul
Zin
The Shining One

Shops:
D:4 :   D:7 !

Annotations:
D:10 1 runed translucent door, NotreDorf's ghost, novice MfBe


Innate Abilities, Weirdness & Mutations

You are too large for most types of armour.
You have claws for hands.
Your natural rate of healing is unusually fast.
You are covered in fur. (AC +1)
You have tough skin. (AC +1)


Message History

The blast of calcifying dust hits you!
The vampire mosquito is engulfed in calcifying dust.
The vampire mosquito is moving more slowly.
The six-headed hydra bites you! x2
* * * LOW HITPOINT WARNING * * *
The six-headed hydra bites you.
* * * LOW HITPOINT WARNING * * *
You block the six-headed hydra's attack.
The six-headed hydra bites you.
* * * LOW HITPOINT WARNING * * *
The six-headed hydra barely misses you.
The vampire mosquito is engulfed in calcifying dust.
The vampire mosquito is moving more slowly.
The vampire mosquito bites you but does no damage.
The vampire mosquito is engulfed in calcifying dust.
The vampire mosquito stops moving altogether!
The six-headed hydra bites you!
* * * LOW HITPOINT WARNING * * *
The six-headed hydra bites you!
* * * LOW HITPOINT WARNING * * *
The six-headed hydra completely misses you.
The six-headed hydra bites you!
* * * LOW HITPOINT WARNING * * *
The six-headed hydra bites you.
* * * LOW HITPOINT WARNING * * *
The six-headed hydra bites you!
* * * LOW HITPOINT WARNING * * *
Unknown command.
Unknown command.
Okay, then.
Unknown command.
Unknown command.
You feel yourself speed up.
You are engulfed in calcifying dust.
The vampire mosquito is engulfed in calcifying dust.
The vampire mosquito stops moving altogether!
The vampire mosquito is engulfed in calcifying dust. x4
The six-headed hydra bites you.
* * * LOW HITPOINT WARNING * * *
The six-headed hydra bites you!
You die...

.# #.# #)#####...# .#
#.# #.......# ####.#
###>#####
.....####.#######...#.##
###......# ...>...#....#
# #..####.# #####...#.##
###..# ##### ##.##.#
.....####§§§######§##.#
###.....#O§g§cyy@DZ##.#
.........§CY#########.#
#.#.....###.# #.#
#.#..#### #.# ... .....#
... ... #.#.## #.# ###
#.#.# ?.. #.#.# #.#
#.#.#


You could see a six-headed hydra, 2 vampire mosquitoes and a centaur warrior
simulacrum.

Vanquished Creatures
  Fannar (D:11)
  2 boulder beetles
  2 two-headed ogres (D:10)
  Pikel (D:9)
  3 trolls
  Grinder (D:3)
  A hornet (D:10)
  A shadow (D:10)
  A wraith (D:11)
  A vampire (D:9)
  3 wyverns
  3 yaks (D:10)
  A steam dragon (D:9)
  3 vampire mosquitoes (D:11)
  Edmund (D:6)
  An acid dragon (D:11)
  2 water moccasins
  2 orc warriors (D:9)
  Pargi (Sewer)
  A sky beast (D:8)
  An ice beast (D:6)
  5 centaurs
  3 ogres
  A lemure (D:9)
  A phantom (D:6)
  4 kobold brigands
  2 bullfrogs (D:8)
  A wyvern zombie (D:7)
  2 gnoll sergeants
  4 scorpions
  6 wights
  10 killer bees
  A howler monkey (D:7)
  2 quasits (D:8)
  A centaur zombie (D:7)
  3 jellies
  5 orc priests
  2 hounds
  A gnoll bouda (D:8)
  Natasha (thrice) (D:3)
  Terence (D:3)
  2 iguanas
  9 orc wizards
  Robin (D:2)
  14 gnolls
  6 adders
  6 shadow imps
  6 white imps
  4 ufetubi
  4 worms
  A dart slug (D:2)
  20 orcs
  7 ball pythons
  5 endoplasms
  A giant cockroach (D:3)
  16 goblins
  9 hobgoblins
  2 quokkas (D:5)
  3 bats (D:1)
  4 frilled lizards
  23 kobolds
  3 rats
237 creatures vanquished.

Vanquished Creatures (others)
  A goblin (D:2)
1 creature vanquished.

Grand Total: 238 creatures vanquished

Notes
Turn   | Place    | Note
-------+----------+-------------------------------------------
     0 | D:1      | cdecastro the Troll Fighter began the quest for the Orb.
     0 | D:1      | Reached XP level 1. HP: 22/22 MP: 0/0
   253 | D:1      | Reached XP level 2. HP: 29/29 MP: 1/1
   897 | D:3      | Reached XP level 3. HP: 26/37 MP: 2/2
   901 | D:3      | Noticed Grinder
   901 | D:3      | Paralysed by Grinder for 3 turns
   916 | D:3      | Killed Grinder
   917 | D:3      | Reached skill level 4 in Unarmed Combat
   917 | D:3      | Reached XP level 4. HP: 27/48 MP: 3/3
   917 | D:3      | Reached XP level 5. HP: 30/54 MP: 4/4
   978 | D:3      | Found a glowing drain.
  1006 | Sewer    | Entered a sewer
  1079 | Sewer    | Noticed Pargi
  1089 | Sewer    | Killed Pargi
  1090 | Sewer    | Reached XP level 6. HP: 59/63 MP: 5/5
  1160 | D:2      | Reached skill level 5 in Unarmed Combat
  1275 | D:2      | Noticed Robin
  1285 | D:2      | Killed Robin
  1459 | D:3      | Noticed Terence
  1464 | D:3      | Killed Terence
  1502 | D:3      | Noticed Natasha
  1508 | D:3      | Killed Natasha
  1761 | D:3      | Noticed Natasha
  1768 | D:3      | Killed Natasha
  1804 | D:3      | Noticed Natasha
  1811 | D:3      | Killed Natasha
  1965 | D:2      | Reached skill level 5 in Fighting
  1965 | D:2      | Reached XP level 7. HP: 67/72 MP: 6/6
  2191 | D:4      | Found Ugoluj's Book Boutique.
  2192 | D:4      | Noticed a +0 hand axe
  2193 | D:4      | Found a hide-covered altar of Uskayaw.
  2193 | D:4      | Noticed a +0 dagger
  2364 | D:4      | Reached skill level 6 in Unarmed Combat
  2441 | D:4      | Identified the ring "Oteigg" {AC+4 Int+2 SInv}
  2832 | D:5      | Entered Level 5 of the Dungeon
  3063 | D:5      | Reached XP level 8. HP: 83/83 MP: 7/7
  3255 | D:5      | Reached skill level 7 in Unarmed Combat
  3912 | D:6      | Reached skill level 8 in Unarmed Combat
  4023 | D:6      | Found a staircase to the Ecumenical Temple.
  4029 | D:6      | Noticed Edmund
  4038 | D:6      | Killed Edmund
  4043 | Temple   | Entered the Ecumenical Temple
  4214 | Temple   | Became a worshipper of Makhleb the Destroyer
  4378 | D:6      | Found a sacrificial altar of Ru.
  4545 | D:7      | Reached XP level 9. HP: 80/93 MP: 8/8
  4585 | D:7      | Found a bloodstained altar of Trog.
  4714 | D:7      | Found a basalt altar of Yredelemnul.
  4752 | D:7      | Reached skill level 9 in Unarmed Combat
  4857 | D:7      | Found Ufonergh's Distillery.
  4864 | D:7      | Bought a potion of curing for 33 gold pieces
  4864 | D:7      | Bought a potion of haste for 110 gold pieces
  4864 | D:7      | Bought 2 potions of berserk rage for 110 gold pieces
  5175 | D:8      | Reached * piety under Makhleb
  5434 | D:8      | Found a sparkling altar of Nemelex Xobeh.
  5440 | D:8      | Found a glowing silver altar of Zin.
  5471 | D:8      | Reached ** piety under Makhleb
  5748 | D:8      | Found a shadowy altar of Dithmenos.
  5969 | D:9      | Noticed a troll
  5975 | D:9      | Killed a troll
  5976 | D:9      | Reached skill level 10 in Unarmed Combat
  6041 | D:9      | Found a staircase to the Lair.
  6051 | D:9      | Found a blossoming altar of Fedhas.
  6060 | D:9      | Reached XP level 10. HP: 95/107 MP: 9/9
  6421 | D:9      | Noticed Pikel
  6435 | D:9      | Reached skill level 11 in Unarmed Combat
  6440 | D:9      | Killed Pikel
  6524 | D:10     | Entered Level 10 of the Dungeon
  6551 | D:10     | Noticed a boulder beetle
  6572 | D:10     | Killed a boulder beetle
  6621 | D:10     | Noticed a two-headed ogre
  6629 | D:10     | Killed a two-headed ogre
  6630 | D:10     | Reached skill level 10 in Fighting
  6637 | D:10     | Found an opulent altar of Gozag.
  6704 | D:10     | Reached skill level 12 in Unarmed Combat
  6720 | D:10     | Found a runed translucent door.
  6720 | D:10     | Noticed NotreDorf's ghost (novice MfBe)
  6734 | D:10     | Noticed a two-headed ogre
  6761 | D:10     | Killed a two-headed ogre
  6761 | D:10     | Reached *** piety under Makhleb
  6762 | D:10     | Reached XP level 11. HP: 62/119 MP: 10/10
  6966 | D:10     | Found a white marble altar of Elyvilon.
  7224 | D:11     | Noticed a boulder beetle
  7241 | D:11     | Killed a boulder beetle
  7398 | D:11     | Noticed Fannar
  7415 | D:11     | Killed Fannar
  7598 | D:11     | Noticed a centaur warrior
  7603 | D:11     | Noticed a six-headed hydra
  7605 | D:11     | Noticed a catoblepas
  7606 | D:11     | Noticed a two-headed ogre
  7607 | D:11     | Slain by a six-headed hydra

Illustrated notes

Levels and vault maps discovered:
D:1:      minmay_arrival_arboretum_small, layout_loops_ring
D:2:      layout_basic, minmay_misc_feat_x, uniq_robin
D:3:      layout_basic, cheibrodos_sewer_entry_drain, roderic_st_hans_cross,
          uniq_terence, uniq_grinder, uniq_natasha
D:4:      layout_basic, dancing_weapons_uskayaw, serial_shops,
          nicolae_shop_tiny_statue_garden
D:5:      layout_loops_corners
D:6:      layout_rooms, old_standard_altar, minmay_temple_entry_glass,
          grunt_ministairs_12, uniq_edmund
D:7:      layout_basic, lemuel_zombie_altar_yredelemnul,
          mainiacjoe_overflow_catwalk, serial_shops,
          nicolae_shop_temple_entry_statues_fountains
D:8:      layout_basic, nicolae_dithmenos_shadow_blocks,
          mainiacjoe_overflow_large_starburst, serial_demonic, serial_demonic_b,
          serial_demonic_b, serial_demonic_c, serial_demonic_e,
          serial_demonic_f, serial_demonic_a, serial_demonic_d, chequers_jeans
D:9:      layout_cave_pools, lemuel_crystal_altar, lair_entry_dummy,
          serial_glass, glass_columns_a, glass_columns_b, uniq_pikel
D:10:     layout_cave_pools, nicolae_gozag_cash_rules_everything_around_me,
          mainiacjoe_overflow_boulevard, hellmonk_ghost_big_iron,
          mrwooster_statue_mirror
D:11:     layout_loops_ring, minmay_the_grid_2x2 [minmay_the_grid_paths,
          minmay_the_grid_zigzag_pyramid, minmay_the_grid_stretched_grid,
          minmay_the_grid_prize_four_corners_diamond_a], uniq_fannar
Temple:   chequers_temple_sunken

Skill      XL: |  1  2  3  4  5  6  7  8  9 10 11 |
---------------+----------------------------------+-----
Fighting       | 3 4 5 6 7 9 10 11 | 11.1
Unarmed Combat | 4 5 6 8 10 12 | 12.9
Dodging        | |  2.4
Shields        | |  2.6

Action                     |  1- 3 |  4- 6 |  7- 9 | 10-12 || total
---------------------------+-------+-------+-------+-------++-------
  Melee: Unarmed           |    35 |   107 |   331 |   157 ||   630
    Use: Scroll            |       |       |       |     1 ||     1
         Potion            |       |       |       |     1 ||     1
   Stab: Distracted        |       |       |     1 |       ||     1
 Armour: Robe              |     5 |     3 |       |       ||     8
         Troll leather arm |       |    21 |   111 |    41 ||   173
  Dodge: Dodged            |    11 |    20 |   116 |    55 ||   202
  Block: Kite shield       |    11 |    39 |   137 |    67 ||   254
